 Dungeon Crawl Stone Soup version 0.21-a0-380-gd65dc97 (webtiles) character file.

82455 MrVivor the Grappler (level 15, 0/156 HPs)
             Began as a Troll Monk on Oct 17, 2017.
             Was the Champion of Wu Jian.
             Succumbed to an emperor scorpion's poison
             ... on level 1 of the Spider Nest.
             The game lasted 02:45:49 (25805 turns).

MrVivor the Grappler (Troll Monk)                  Turns: 25805, Time: 02:45:50

Health: 0/156      AC: 19    Str: 33    XL:     15   Next: 29%
Magic:  14/14      EV: 14    Int:  4    God:    Wu Jian [******]
Gold:   2145       SH:  0    Dex: 12    Spells: 14/14 levels left

rFire    + . .     SeeInvis .     - Unarmed
rCold    + . .     Gourm    +   (no shield)
rNeg     . . .     Faith    .   N - +0 ice dragon scales
rPois    +         Spirit   .   F - +1 hat
rElec    .         Reflect  .   B - +2 cloak
rCorr    .         Harm     .   (gloves unavailable)
MR       ++...                  (boots unavailable)
Stlth    ..........             Q - amulet of Interdependent Arising {+Rage rPois}
HPRegen  0.76/turn              R - ring "Giaveb" {rPois rF+ MR+}
MPRegen  0.14/turn              G - ring of fire

@: mighty, lethally poisoned (0 -> -4), exhausted
A: unfitting armour, claws 3, horns 1, dopey 1, fast metabolism 3, gourmand,
regeneration 1, shaggy fur 1, tough skin 2
a: Serpent's Lash, Heavenly Storm, Renounce Religion, Evoke Berserk Rage


You were on level 1 of the Spider Nest.
You worshipped Wu Jian.
Wu Jian was exalted by your worship.
You were completely stuffed.

You visited 5 branches of the dungeon, and saw 23 of its levels.
You also visited: Labyrinth and Ossuary.

You collected 2145 gold pieces.

Inventory:

Hand Weapons
 C - a +1 flail of venom
 D - the +7 captain's cutlass {speed, disarm}
   (You found it in a labyrinth)

   Attacks with this weapon are significantly faster.
Missiles
 X - 13 large rocks (quivered)
Armour
 B - a +2 cloak (worn)
 F - a +1 hat (worn)
 N - +0 ice dragon scales (worn)
 V - the +0 robe "Uhuff" {rN+ Int-4 Dex+3}
   (You found it on level 12 of the Dungeon)

   It affects your intelligence (-4).
   It affects your dexterity (+3).
   It protects you from negative energy.
Jewellery
 c - an uncursed ring of see invisible
 f - a +4 ring of dexterity
 h - an uncursed ring of ice
 t - a +4 ring of strength
 G - a ring of fire (right claw)
 Q - the amulet of Interdependent Arising (around neck) {+Rage rPois}
   (You found it on level 6 of the Lair of Beasts)

   [amulet of rage]

   It protects you from poison.
   It lets you go berserk.
 R - the ring "Giaveb" (left claw) {rPois rF+ MR+}
   (You took it off a gnoll sergeant on level 11 of the Dungeon)

   [ring of protection from magic]

   It protects you from fire.
   It protects you from poison.
   It affects your resistance to hostile enchantments.
Wands
 d - a wand of polymorph (10/24)
Scrolls
 g - 2 scrolls of fear
 i - a scroll of silence
 m - 3 scrolls of recharging
 p - 5 scrolls of teleportation
 v - 2 scrolls of enchant armour
 x - 9 scrolls of remove curse
 I - a scroll of identify
 L - 3 scrolls of fog
 O - 2 scrolls of magic mapping
 Y - a scroll of enchant weapon
Potions
 q - 4 potions of flight
 s - a potion of magic
 w - 4 potions of lignification
 A - a potion of ambrosia
 E - a potion of might
 M - a potion of agility
 U - 7 potions of curing
Miscellaneous
 T - a phial of floods
Comestibles
 a - 27 fruits
 b - a bread ration
 k - 16 royal jellies
 l - 16 meat rations


   Skills:
 + Level 11.9 Fighting
 + Level 6.4 Short Blades
 + Level 7.8 Armour
 + Level 12.5 Dodging
 - Level 1.2 Stealth
 + Level 14.6 Unarmed Combat


You had 14 spell levels left.
You didn't know any spells.

Dungeon Overview and Level Annotations

Branches:
Dungeon (12/15)            Temple (1/1) D:5            Lair (6/6) D:11
 Shoals (0/4) Lair:2       Spider (2/4) Lair:4        Slime (0/5) Lair:5
    Orc (2/2) D:12            Elf (0/3) Orc:2

Altars:
Ashenzari
Cheibriados
Dithmenos
Elyvilon
Fedhas
Gozag
Hepliaklqana
Kikubaaqudgha
Makhleb
Nemelex Xobeh
Okawaru
Qazlal
Ru
Sif Muna
Trog
Uskayaw
Vehumet
Wu Jian
Xom
Yredelemnul
Zin
The Shining One
Beogh
Jiyva

Shops:
D:6 (   D:11 ((}}(   Orc:2 *%[}

Annotations:
D:9 2 transporters
D:12 Maurice


Innate Abilities, Weirdness & Mutations

You are too large for most types of armour.
You have claws for hands.
Your metabolism is lightning-fast.
You like to eat raw meat.
Your natural rate of healing is unusually fast.
You are covered in fur. (AC +1)
You have very tough skin. (AC +2)
You have a pair of small horns on your head.
You are dopey. (Int -2)


Message History

Your headbutt misses the emperor scorpion.
The emperor scorpion is moderately wounded.
You feel sick. The redback barely misses you. The emperor scorpion stings you!
* * * LOW HITPOINT WARNING * * *
The emperor scorpion barely misses you. The emperor scorpion claws you.
* * * LOW HITPOINT WARNING * * *
You spin and attack the wolf spider.
You closely miss the wolf spider. You headbutt the wolf spider!
The wolf spider is moderately wounded.
You feel sick. The wolf spider hits you.
* * * LOW HITPOINT WARNING * * *
The wolf spider bites you!
* * * LOW HITPOINT WARNING * * *
The jumping spider leaps!
The wolf spider hits you.
* * * LOW HITPOINT WARNING * * *
The wolf spider bites you but does no damage.
The redback misses you.
* * * LOW HITPOINT WARNING * * *
You feel sick.
You die...

##...## #..### #....# #...#
##...^# ##...# ..#..### #...#####
#### ...#.#.## #...###.## ##..##
.#.#...^# ##...#....####....#
#...##..# #..#.#.....##..#.###
..^.....# #......#....#..#...##
....#..## #..#@.##....##..#...#
[.#.....# ##......#..#.#....##..
.###...#####..##ss##..##...#...#.
###..###..#####s.##..###...##..##
^##%.##..^.#...s.##..#####......#
###.....##.....>####......^..##..
.........##..#### #.#.##.#......
...#..#..##### ##....^...#..#.
#..####### #......##.##.##


You could see an emperor scorpion, a wolf spider, a jumping spider and a
redback.

Vanquished Creatures
  An entropy weaver (Spider:1)
  Nessos (Orc:2)
  An ettin (Orc:2)
  Azrael (Orc:2)
  Snorg (Lair:5)
  A minotaur (Lab)
  An ice dragon (D:11)
  Fannar (D:11)
  Erolcha (D:9)
  4 hydras
  10 two-headed ogres
  2 ogre magi (Orc:2)
  An orc high priest (Orc:2)
  A skeletal warrior (D:11)
  2 deep trolls (Orc:2)
  An orb spider (Spider:1)
  2 orc knights
  An orc sorcerer (Orc:1)
  2 oklob plants (Lair:3)
  6 wolf spiders
  3 ugly things
  A deep elf mage (D:10)
  4 cyclopes
  2 manticores
  6 black mambas
  The ghost of p0werm0de the Skirmisher, a novice FoCK of Xom (D:7)
  Joseph (D:7)
  Psyche (D:10)
  9 spiny frogs
  2 centaur skeletons (D:11)
  6 rime drakes
  A kobold demonologist (D:11)
  2 demonic crawlers (Spider:1)
  7 komodo dragons
  A queen bee (Lair:6)
  10 trolls
  12 polar bears
  8 jumping spiders (Spider:1)
  3 meliai (Lair:6)
  3 hornets
  12 dream sheep
  20 blink frogs
  3 raiju (Lair:6)
  12 hippogriffs
  3 slime creatures (D:12)
  A wraith (D:11)
  6 redbacks (Spider:1)
  A shadow (D:12)
  3 tarantellas
  A wyvern (D:12)
  23 yaks
  Grum (D:9)
  3 fire elementals (Orc:2)
  4 hungry ghosts
  A steam dragon (D:11)
  4 basilisks
  7 wargs
  19 hell hounds
  5 water moccasins
  An ice beast (D:5)
  4 porcupines
  17 orc warriors
  3 sky beasts
  13 black bears
  3 necrophages
  34 wolves
  28 ogres
  An ogre (shapeshifter) (D:11)
  A phantom (D:4)
  A centaur (shapeshifter) (D:11)
  10 centaurs
  9 crocodiles
  3 big kobolds
  3 gnoll sergeants
  18 bullfrogs
  4 scorpions
  A water moccasin skeleton (D:6)
  26 killer bees
  6 wights
  8 howler monkeys
  3 electric eels
  6 crimson imps
  2 bullfrog zombies
  5 jellies
  11 orc priests
  2 centaur zombies
  A bullfrog skeleton (D:11)
  A gnoll shaman (D:7)
  12 hounds
  Jessica (D:2)
  6 iguanas
  14 orc wizards
  2 hell rats (Lair:5)
  9 worker ants
  3 big kobold zombies (Ossuary)
  3 hound zombies
  3 hound skeletons
  A mummy (Ossuary)
  11 gnolls
  6 river rats (Lair:5)
  18 adders
  2 shadow imps
  2 oozes
  An adder skeleton (D:4)
  An adder zombie (D:9)
  2 worms
  A dart slug (D:2)
  5 leopard geckos
  69 orcs
  4 spectral bats (Ossuary)
  6 bats
  9 giant cockroaches
  5 gnoll zombies (Ossuary)
  6 goblins
  13 hobgoblins
  4 jackals (D:5)
  5 quokkas
  4 goblin simulacra (Ossuary)
  2 goblin zombies (Ossuary)
  5 hobgoblin zombies (Ossuary)
  A jackal skeleton (D:5)
  22 kobolds
  5 kobold simulacra (Ossuary)
  4 kobold zombies (Ossuary)
  A leopard gecko skeleton (D:8)
  A leopard gecko zombie (D:7)
  7 orc zombies (Ossuary)
  A quokka zombie (D:9)
  3 rats
  3 rat simulacra (Ossuary)
  5 spectral goblins (Ossuary)
  A spectral kobold (Ossuary)
  3 spectral rats (Ossuary)
  A fungus (D:11)
  4 plants
775 creatures vanquished.

Vanquished Creatures (others)
  A water moccasin (Lair:6)
  4 wolves (Lair:6)
  10 fungi
  34 plants
49 creatures vanquished.

Grand Total: 824 creatures vanquished

Notes
Turn   | Place    | Note
-------+----------+-------------------------------------------
     0 | D:1      | MrVivor the Troll Monk began the quest for the Orb.
     0 | D:1      | Reached XP level 1. HP: 22/22 MP: 0/0
   172 | D:1      | You fall through a shaft!
   206 | D:2      | Noticed Jessica
   218 | D:2      | Killed Jessica
   218 | D:2      | Reached XP level 2. HP: 31/31 MP: 1/1
   218 | D:2      | Reached XP level 3. HP: 37/37 MP: 2/2
   707 | D:3      | Reached XP level 4. HP: 45/45 MP: 3/3
  1216 | D:4      | Noticed an ogre
  1227 | D:4      | Killed an ogre
  1227 | D:4      | Reached skill level 4 in Unarmed Combat
  1227 | D:4      | Reached XP level 5. HP: 53/53 MP: 4/4
  1377 | D:4      | Reached XP level 6. HP: 58/61 MP: 5/5
  1400 | D:4      | Reached skill level 5 in Unarmed Combat
  1537 | D:4      | Reached XP level 7. HP: 49/67 MP: 6/6
  2015 | D:4      | Reached skill level 6 in Unarmed Combat
  2333 | D:5      | Entered Level 5 of the Dungeon
  2354 | D:5      | Found a staircase to the Ecumenical Temple.
  2377 | Temple   | Entered the Ecumenical Temple
  2638 | Temple   | Became a worshipper of the Wu Jian Council
  2638 | Temple   | Reached * piety under Wu Jian
  2638 | Temple   | Reached ** piety under Wu Jian
  2678 | D:5      | Reached skill level 5 in Dodging
  2721 | D:5      | Found a sand-covered staircase.
  2726 | Ossuary  | Entered an ossuary
  3258 | D:5      | Found a stormy altar of Qazlal.
  3370 | D:5      | Reached *** piety under Wu Jian
  3370 | D:5      | Reached XP level 8. HP: 64/75 MP: 7/7
  3493 | D:5      | Reached skill level 7 in Unarmed Combat
  3989 | D:6      | Reached skill level 8 in Unarmed Combat
  4355 | D:6      | Found Nehadyng's Weapon Emporium.
  4433 | D:6      | Reached **** piety under Wu Jian
  4433 | D:6      | Reached skill level 5 in Fighting
  4433 | D:6      | Reached XP level 9. HP: 88/88 MP: 8/8
  4678 | D:7      | Gained mutation: You have a pair of small horns on your head. [mutagenic meat]
  4682 | D:7      | Found an opulent altar of Gozag.
  4682 | D:7      | Found a glowing silver altar of Zin.
  4703 | D:7      | Gained mutation: Your spells are a little easier to cast, but a little less powerful. [mutagenic meat]
  4704 | D:7      | Gained mutation: You are somewhat resistant to further mutation. [mutagenic meat]
  4705 | D:7      | Gained mutation: You are frail. (-10% HP) [mutagenic meat]
  4730 | D:7      | Noticed Joseph
  4804 | D:7      | Noticed p0werm0de's ghost (novice FoCK)
  4805 | D:7      | Killed Joseph
  5060 | D:7      | Killed p0werm0de's ghost
  5060 | D:7      | Reached skill level 9 in Unarmed Combat
  5399 | D:7      | Reached XP level 10. HP: 31/90 MP: 9/9
  6156 | D:8      | Noticed a two-headed ogre
  6164 | D:8      | Killed a two-headed ogre
  6932 | D:9      | Noticed Grum
  6937 | D:9      | Killed Grum
  6937 | D:9      | Reached skill level 10 in Unarmed Combat
  7363 | D:9      | Found a transporter.
  7363 | D:9      | Noticed Erolcha
  7370 | D:9      | Killed Erolcha
  7382 | D:9      | Noticed an orc high priest
  7402 | D:9      | Found a transporter.
  7429 | D:9      | Found a sacrificial altar of Ru.
  7766 | D:10     | Entered Level 10 of the Dungeon
  7783 | D:10     | Noticed Psyche
  7788 | D:10     | Killed Psyche
  8057 | D:10     | Noticed a deep elf mage
  8063 | D:10     | Noticed a smoke demon
  8069 | D:10     | Killed a deep elf mage
  8069 | D:10     | Reached XP level 11. HP: 81/99 MP: 10/10
  8476 | D:10     | Found a snail-covered altar of Cheibriados.
  9124 | D:11     | Found Ucuojes's Gadget Boutique.
  9185 | D:11     | Found Niholywn's Weapon Emporium.
  9189 | D:11     | Reached skill level 11 in Unarmed Combat
  9404 | D:11     | Found Hacidatt's Weapon Boutique.
  9423 | D:11     | Noticed a brown ugly thing
  9444 | D:11     | Killed a brown ugly thing
  9535 | D:11     | Found a staircase to the Lair.
  9567 | D:11     | Noticed Fannar
  9578 | D:11     | Killed Fannar
  9748 | D:11     | Noticed a two-headed ogre
  9757 | D:11     | Killed a two-headed ogre
  9764 | D:11     | Found Egutain's Gadget Emporium.
  9957 | D:11     | Noticed a skeletal warrior
  9970 | D:11     | Killed a skeletal warrior
  9970 | D:11     | Reached skill level 10 in Dodging
 10005 | D:11     | Noticed a wolf spider
 10135 | D:11     | Found Xunn's Antique Weapon Shoppe.
 10247 | D:11     | Noticed an ice dragon
 10262 | D:11     | Killed an ice dragon
 10332 | D:11     | Reached XP level 12. HP: 106/110 MP: 11/11
 10341 | D:11     | Reached skill level 12 in Unarmed Combat
 10393 | D:11     | Got a wavering pewter ring
 10395 | D:11     | Lost mutation: Your spells are a little easier to cast, but a little less powerful. [potion of mutation]
 10395 | D:11     | Lost mutation: You are frail. (-10% HP) [potion of mutation]
 10395 | D:11     | Lost mutation: You have a pair of small horns on your head. [potion of mutation]
 10397 | D:11     | Identified the ring "Giaveb" {rPois rF+ MR+} (You took it off a gnoll sergeant on level 11 of the Dungeon)
 10480 | D:11     | Reached skill level 1 in Armour
 10488 | D:11     | Paralysed by a hornet for 1 turns
 10501 | D:11     | Identified the Volume of the Flying Escort
 11131 | D:12     | Noticed Maurice
 11316 | D:12     | Noticed a two-headed ogre
 11324 | D:12     | Killed a two-headed ogre
 11430 | D:12     | Reached ***** piety under Wu Jian
 11588 | D:12     | Found a roughly hewn altar of Beogh.
 11613 | D:12     | Found a staircase to the Orcish Mines.
 11648 | D:12     | Got a smoking robe
 11649 | D:12     | Identified the +0 robe "Uhuff" {rN+ Int-4 Dex+3} (You found it on level 12 of the Dungeon)
 12267 | D:12     | Gained mutation: Your spells are a little harder to cast, but a little more powerful. [mutagenic meat]
 12468 | Lair:1   | Entered Level 1 of the Lair of Beasts
 13269 | Lair:2   | Reached skill level 10 in Fighting
 13407 | Lair:2   | Found a staircase to the Shoals.
 13467 | Lair:2   | Found a labyrinth entrance.
 13483 | Lab      | Entered a labyrinth
 14209 | Lab      | Noticed a minotaur
 14217 | Lab      | Killed a minotaur
 14223 | Lab      | Found the +7 captain's cutlass {speed, disarm}
 15016 | Lair:3   | Reached XP level 13. HP: 124/133 MP: 12/12
 15018 | Lair:3   | Reached skill level 1 in Short Blades
 15372 | Lair:3   | Reached skill level 13 in Unarmed Combat
 16435 | Lair:3   | Reached skill level 5 in Armour
 16809 | Lair:4   | Found a hole to the Spider Nest.
 18237 | Lair:5   | Found a staircase to the Slime Pits.
 18238 | Lair:5   | Found a viscous altar of Jiyva.
 18539 | Lair:5   | Reached ****** piety under Wu Jian
 19220 | Lair:6   | Entered Level 6 of the Lair of Beasts
 19520 | Lair:6   | Noticed Snorg
 20003 | Lair:5   | Killed Snorg
 20259 | Lair:5   | Reached XP level 14. HP: 96/146 MP: 13/13
 20482 | Lair:6   | Lost mutation: Your spells are a little harder to cast, but a little more powerful. [potion of mutation]
 20482 | Lair:6   | Lost mutation: You are somewhat resistant to further mutation. [potion of mutation]
 20482 | Lair:6   | Gained mutation: You are dopey. (Int -2) [potion of mutation]
 20482 | Lair:6   | Gained mutation: You have a pair of small horns on your head. [potion of mutation]
 20741 | Lair:6   | Got a smoking diamond amulet
 20743 | Lair:6   | Identified the amulet of Interdependent Arising {+Rage rPois} (You found it on level 6 of the Lair of Beasts)
 21335 | Lair:6   | Reached skill level 5 in Short Blades
 21669 | Lair:6   | Reached skill level 14 in Unarmed Combat
 21909 | Orc:1    | Entered Level 1 of the Orcish Mines
 22179 | Orc:2    | Entered Level 2 of the Orcish Mines
 22248 | Orc:2    | Found a roughly hewn altar of Beogh.
 22362 | Orc:2    | Noticed Azrael
 22384 | Orc:2    | Killed Azrael
 22696 | Orc:2    | Noticed Nessos
 22712 | Orc:2    | Killed Nessos
 23372 | Orc:2    | Found Byutuzat's General Store.
 23382 | Orc:2    | Reached XP level 15. HP: 132/156 MP: 14/14
 23390 | Orc:2    | Found Xuyn's Antique Armour Shop.
 23396 | Orc:2    | Found Hauwuty's Gadget Boutique.
 23397 | Orc:2    | Found Esoaw's Food Boutique.
 23677 | Orc:2    | Found a staircase to the Elven Halls.
 24145 | Orc:1    | Paralysed by an orc sorcerer for 5 turns
 24628 | Spider:1 | Entered Level 1 of the Spider Nest
 25591 | Spider:2 | HP: 7/156 [emperor scorpion (18)]
 25803 | Spider:1 | HP: 4/156 [wolf spider (10)]
 25805 | Spider:1 | Succumbed to an emperor scorpion's poison

Vault maps used:
D:1:      scummos_arrival_forest
D:2:      first_bread, uniq_jessica
D:4:      hangedman_decor_diamond_cutter
D:5:      kennysheep_little_box, temple_green, enter_ossuary_2
D:6:      serial_shops, shop
D:7:      kennysheep_housing_project, grunt_temple_overflow_gold_and_silver,
          uniq_joseph
D:9:      gammafunk_wand_slinger, kennysheep_mini, serial_undead,
          serial_undead_d, serial_undead_c, serial_undead_a, serial_undead_a,
          serial_undead_e, serial_undead_b, grunt_ogre_cave, uniq_erolcha,
          uniq_grum
D:10:     lemuel_centaur_altar, uniq_psyche
D:11:     minmay_the_grid_octo_2x2, david_lair_generic, serial_shops,
          nicolae_shop_waterfront, nicolae_shop_crystal, shop,
          nicolae_shop_trees, shop, uniq_fannar
D:12:     cheibrodos_barr_body, david_orc_5, uniq_maurice
Temple:   eino_narrow_crystal_temple
Lair:1:   st_stairs_11
Lair:2:   minmay_shoals_entry_beasts, lab_entry_generic
Lair:3:   grunt_megastairs_1, infiniplex_staircase_pool,
          minmay_lair_oklob_chamber
Lair:4:   dummy_spider_entry
Lair:5:   minmay_lair_venomous_thicket, slime_altar_1,
          nicolae_quartered_pool_little, serial_bayou_pond_c, kennysheep_rathole
Lair:6:   hangedman_lair_caniforms_friends, special_room,
          grunt_forest_large_clearings, uniq_snorg
Spider:2: spider_trap, uniq_louise, uniq_jorgrun
Orc:2:    st_orc_open, basic_altar, uniq_azrael, uniq_nessos
Lab:      nicolae_lab_lava, nicolae_lab_do_over
Ossuary:  ossuary_zaba_two_paths

Skill      XL: |  1  2  3  4  5  6  7  8  9 10 11 12 13 14 15 |
---------------+----------------------------------------------+-----
Fighting       | 3 5 6 7 9 10 11 | 11.9
Dodging        | 3 4 5 6 7 9 10 11 12 | 12.5
Unarmed Combat | 4 5 6 8 9 10 11 12 13 14 | 14.6
Armour         | 4 5 7 |  7.8
Short Blades   | 4 5 6 |  6.4
Stealth        | |  1.2

Action                   |  1- 3 |  4- 6 |  7- 9 | 10-12 | 13-15 || total
-------------------------+-------+-------+-------+-------+-------++-------
Melee: Unarmed           |    60 |    75 |   452 |   661 |  1047 ||  2295
       Punch             |     1 |     1 |     8 |    34 |    86 ||   130
       Headbutt          |       |       |    24 |   100 |   157 ||   281
Throw: Stone             |     3 |    27 |     5 |       |       ||    35
       Large rock        |       |       |       |     9 |     1 ||    10
Invok: Serpent's Lash    |       |       |     3 |     8 |     7 ||    18
       Heavenly Storm    |       |       |       |       |     1 ||     1
 Abil: Evoke Berserk Rag |       |       |       |       |     1 ||     1
Evoke: Wand              |       |       |       |     1 |       ||     1
  Use: Potion            |       |       |    10 |     2 |     9 ||    21
       Scroll            |       |       |     8 |    18 |    14 ||    40
 Stab: Sleeping          |     4 |     3 |    15 |     3 |       ||    25
       Distracted        |       |       |       |     2 |     1 ||     3
  Eat: Chunk             |    11 |     8 |    42 |    64 |    48 ||   173
       Bread ration      |       |       |       |     8 |    12 ||    20
       Royal jelly       |       |       |       |       |     5 ||     5
Armor: Robe              |    18 |    16 |    89 |    60 |       ||   183
       Ice dragon scales |       |       |       |   101 |   576 ||   677
       Skin              |       |       |       |       |    16 ||    16
Dodge: Dodged            |    34 |    41 |   226 |   382 |   749 ||  1432

Table legend:
 A = Spawn XP
 B = Non-spawn XP
 C = Spawn XP percentage of total XP
 D = Spawn monster count
 E = Non-spawn monster count
 F = Spawn count percentage of total count
 G = Total turns spent on level
                    A         B        C        D         E        F      G
               +---------+---------+-------+---------+---------+-------+---------
         Total |       0 |  117793 |   0.0 |       0 |     770 |   0.0 | 25805
               +---------+---------+-------+---------+---------+-------+---------
           D:1 |       0 |       9 |   0.0 |       0 |       5 |   0.0 |   172
           D:2 |       0 |      66 |   0.0 |       0 |      16 |   0.0 |   480
           D:3 |       0 |      78 |   0.0 |       0 |      14 |   0.0 |   530
           D:4 |       0 |     743 |   0.0 |       0 |      25 |   0.0 |  1151
           D:5 |       0 |     786 |   0.0 |       0 |      28 |   0.0 |   852
           D:6 |       0 |    1101 |   0.0 |       0 |      36 |   0.0 |   787
           D:7 |       0 |    3007 |   0.0 |       0 |      47 |   0.0 |  1489
           D:8 |       0 |    1606 |   0.0 |       0 |      18 |   0.0 |   788
           D:9 |       0 |    2119 |   0.0 |       0 |      19 |   0.0 |   900
          D:10 |       0 |    2997 |   0.0 |       0 |      15 |   0.0 |  1348
          D:11 |       0 |   11631 |   0.0 |       0 |      60 |   0.0 |  2121
          D:12 |       0 |    6553 |   0.0 |       0 |      64 |   0.0 |  1449
        Lair:1 |       0 |    1800 |   0.0 |       0 |       8 |   0.0 |   860
        Lair:2 |       0 |    4380 |   0.0 |       0 |      18 |   0.0 |  1049
        Lair:3 |       0 |   11516 |   0.0 |       0 |      37 |   0.0 |  2002
        Lair:4 |       0 |    3836 |   0.0 |       0 |      14 |   0.0 |  1004
        Lair:5 |       0 |   11123 |   0.0 |       0 |      53 |   0.0 |  2376
        Lair:6 |       0 |   18187 |   0.0 |       0 |     109 |   0.0 |  1454
      Spider:1 |       0 |    8724 |   0.0 |       0 |      25 |   0.0 |  1151
      Spider:2 |       0 |     972 |   0.0 |       0 |       3 |   0.0 |    26
         Orc:1 |       0 |    2796 |   0.0 |       0 |      32 |   0.0 |   574
         Orc:2 |       0 |   22523 |   0.0 |       0 |      71 |   0.0 |  1877
           Lab |       0 |    1085 |   0.0 |       0 |       1 |   0.0 |   748
       Ossuary |       0 |     155 |   0.0 |       0 |      52 |   0.0 |   338
               +---------+---------+-------+---------+---------+-------+---------
